 Dungeon Crawl Stone Soup version 0.31-a0-221-gbddc013574 (webtiles) character file.

Game seed: 17207694773910136782

114 qw the Chopper (level 4, -8/28 HPs)
             Began as a Gargoyle Fighter on July 3, 2023.
             Killed from afar by an orc wizard (11 damage)
             ... with a puff of flame
             ... on level 3 of the Dungeon.
             The game lasted 00:00:48 (2281 turns).

qw the Chopper (Gargoyle Fighter)                   Turns: 2281, Time: 00:00:48

Health: -8/28      AC: 13    Str: 22    XL:     4   Next: 97%
Magic:  4/4        EV: 10    Int:  8    God:
Gold:   123        SH:  4    Dex:  9    Spells: 3/3 levels left

rFire   . . .        Y - +0 war axe
rCold   . . .        c - +0 buckler
rNeg    + . .        k - quicksilver dragon scales
rPois   inf          (no helmet)
rElec   +            (no cloak)
rCorr   .            (no gloves)
SInv    .            (no boots)
Will    +....        (no amulet) Stlth
                     (no ring)
HPRegen 0.24/turn    (no ring)
MPRegen 0.09/turn

%: no passive effects
@: no status effects
A: sickness immunity, AC +3, negative energy resistance 1, electricity
resistance, torment resistance 1, petrification resistance
a: no special abilities


You were on level 3 of the Dungeon.
You visited 1 branch of the dungeon, and saw 3 of its levels.

You collected 123 gold pieces.


Innate Abilities, Weirdness & Mutations

You are immune to sickness and miasma.
Your stone body is resilient. (AC +3)
You are immune to poison.
You resist negative energy. (rN+)
You are resistant to electric shocks. (rElec)
You are resistant to unholy torment.
You are immune to petrification.


   Skills:
 - Level 3.2 Fighting
 + Level 4.5 Axes
 - Level 3.2 Armour
 - Level 3.2 Shields


You had 3 spell levels left.
You didn't know any spells.
Your spell library was empty.

Inventory:

Hand Weapons
 g - a +2 flail of protection
 Y - a +0 war axe (weapon)
Armour
 c - a +0 buckler (worn)
 k - quicksilver dragon scales (worn)
Scrolls
 a - a scroll of noise {unknown}
 b - 2 scrolls of identify
 e - a scroll of vulnerability {unknown}
Potions
 d - a potion of might
 f - a potion of ambrosia {unknown}

Dungeon Overview and Level Annotations

Branches:
Dungeon (3/15)

Altars:


Message History

You hear some strange, mumbled words.
Something tries to affect you, but you resist.
You hit the orc.
The orc is almost dead.
You miss something. The orc barely misses you.
You hear some strange, mumbled words.
Something tries to affect you, but you resist.
You slash the orc!
You kill the orc!
You miss something. Something hits you but does no damage.
You closely miss something. Something hits you.
You closely miss something.
You hear some strange, mumbled words.
A magic dart appears from out of thin air!
The magic dart hits you. Something hits you but does no damage.
You miss something.
You hear some strange, mumbled words.
A magic dart appears from out of thin air!
The magic dart hits you.
You miss something.
You hear some strange, mumbled words.
Something tries to affect you, but you resist.
You barely miss something.
You hear some strange, mumbled words.
A puff of flame appears from out of thin air!
The puff of flame hits you! Something hits you but does no damage.
You miss something. Something hits you but does no damage.
You miss something. Something hits you.
You closely miss something. Something hits you. x2
You barely miss something.
You hear some strange, mumbled words.
A puff of flame appears from out of thin air!
The puff of flame hits you!
You die...

.. ..#.# .. #...#### ## #.#.# ###
...####.# # #.#.# #.. ...##.# #
#.#.# #.# ##.##.# #
#.#.########.# # #.....####
#####.#..........# #. #..##.....
.....>...#######.####.##..###....
.##.#.#.## ###)#........# ###..
.##.#.#.# ##.#@#.##.....### ##.
.##.#.#.#####...{...........## #.
.#....#.....>......######....###.
<.....########...########..>..##.
##...## #...# #....#.......
###.## #...# #.###.....#.. # #.#
#...# #.###....##.. ###.#
#...####.#.......... ....#
#.....##.#.#.....#..


There were no monsters in sight!

Vanquished Creatures
  4 gnolls (D:2)
  2 adders (D:2)
  A worm (D:2)
  A dart slug (D:1)
  2 orcs (D:3)
  4 ball pythons
  3 bats
  3 endoplasms
  2 giant cockroaches
  4 goblins
  4 hobgoblins
  3 jackals (D:2)
  6 kobolds
  3 quokkas
  2 frilled lizards (D:2)
  7 rats
51 creatures vanquished.

Notes
Turn   | Place    | Note
-------+----------+-------------------------------------------
     0 | D:1      | qw the Gargoyle Fighter began the quest for the Orb.
     0 | D:1      | Reached XP level 1. HP: 14/14 MP: 1/1
     0 | D:1      | 0 ||| qw: Version: 0.3-a-40-ge99b1a8
     0 | D:1      | 0 ||| qw: Game counter: 625
     0 | D:1      | 0 ||| qw: Melee chars always use a shield: true
     0 | D:1      | 0 ||| qw: God list: Okawaru
     0 | D:1      | 0 ||| qw: Allow faded altars: false
     0 | D:1      | 0 ||| qw: Do Orc after clearing Dungeon:15 true
     0 | D:1      | 0 ||| qw: Do second Lair branch before Depths: true
     0 | D:1      | 0 ||| qw: Lair rune preference: random
     0 | D:1      | 0 ||| qw: Goals: Normal, Zot:1-4, Slime:5, God:TSO, Crypt,
                  | Tomb, Abyss, Pan, Hells, Win
     0 | D:1      | 0 ||| PLANNING D:1-11
    52 | D:1      | Reached skill level 2 in Axes
   368 | D:1      | Reached XP level 2. HP: 19/19 MP: 2/2
   602 | D:1      | 602 ||| Stepping ~*~*~tactically~*~*~ (stealth).
   677 | D:1      | 677 ||| DROPPING +0 club.
   772 | D:1      | Reached skill level 3 in Axes
   795 | D:1      | Found a faded altar of an unknown god.
   799 | D:1      | Reached XP level 3. HP: 22/23 MP: 3/3
   895 | D:1      | 895 ||| UPGRADING to quicksilver dragon scales.
   905 | D:1      | 905 ||| DROPPING +0 scale mail.
   906 | D:1      | 906 ||| READING scroll labelled KEKHLY FEWA.
  1007 | D:1      | 1007 ||| READING scroll labelled QEMUYS QOAVYM.
  1008 | D:1      | 1008 ||| READING scroll labelled ZOKORIW POTE.
  1009 | D:1      | 1009 ||| READING scroll labelled QACVACV DEWIA.
  1143 | D:2      | Identified the +1 long sword "Efiwnufy" {freeze, Dex+3}
  1531 | D:2      | Reached XP level 4. HP: 21/28 MP: 4/4
  1562 | D:2      | 1562 ||| DROPPING +2 whip of draining.
  1563 | D:2      | 1563 ||| DROPPING +1 whip of electrocution.
  1570 | D:2      | Reached skill level 4 in Axes
  1594 | D:2      | 1594 ||| DROPPING +0 flail.
  1661 | D:2      | 1661 ||| Stepping ~*~*~tactically~*~*~ (stealth).
  1681 | D:2      | 1681 ||| Stepping ~*~*~tactically~*~*~ (stealth).
  1965 | D:2      | 1965 ||| DROPPING ring of wizardry.
  1966 | D:2      | 1966 ||| READING scroll labelled APSUERGHITO.
  1969 | D:2      | 1969 ||| READING 2 scrolls of identify.
  1969 | D:2      | 1969 ||| IDENTIFYING fizzy sapphire potion
  1970 | D:2      | 1970 ||| DROPPING potion of brilliance.
  2137 | D:3      | 2137 ||| Stepping ~*~*~tactically~*~*~ (stealth).
  2138 | D:3      | 2138 ||| Stepping ~*~*~tactically~*~*~ (stealth).
  2280 | D:3      | HP: 5/28 [something (4)]
  2281 | D:3      | Killed from afar by an orc wizard

Levels and vault maps discovered:
D:1:      dpeg_arrival_leaves_temple_mockup, layout_loops_corners,
          shapermc_ecumenical_altar_pompeii, minmay_heptomino_h4
D:2:      wad_lake_hut, layout_basic, chequers_serial_rivers_small_3,
          minmay_small_reverse_x
D:3:      layout_loops_ring, kennysheep_nub

Skill      XL: |  1  2  3  4 |
---------------+-------------+-----
Axes           | 2 3 4 |  4.5
Fighting       | |  3.2
Armour         | |  3.2
Shields        | |  3.2

Action                     |  1- 3 |  4- 6 || total
---------------------------+-------+-------++-------
  Melee: War axe           |    47 |    52 ||    99
  Throw: Boomerang         |    37 |       ||    37
    Use: Scroll            |     4 |     2 ||     6
 Armour: Scale mail        |    10 |       ||    10
         Quicksilver drago |     7 |    16 ||    23
  Dodge: Dodged            |    27 |    17 ||    44
  Block: Buckler           |     6 |     9 ||    15

Table legend:
 A = Non-vault XP
 B = Vault XP
 C = Vault XP percentage of total XP
 D = Non-vault monster count
 E = Vault monster count
 F = Vault count percentage of total count
                 A         B        C        D         E       F
            +---------+---------+-------+---------+---------+-------
      Total |     145 |      18 |  11.0 |      45 |       6 |  11.8
            +---------+---------+-------+---------+---------+-------
        D:1 |      33 |       2 |   5.7 |      18 |       2 |  10.0
        D:2 |      98 |      16 |  14.0 |      20 |       4 |  16.7
        D:3 |      14 |       0 |   0.0 |       7 |       0 |   0.0
            +---------+---------+-------+---------+---------+-------
